 Dungeon Crawl Stone Soup version 0.25.1-2-g60ff931df9 (webtiles) character file.

Game seed: 6074284790243195304

50 Kaliet the Ducker (level 3, -4/27 HPs)
             Began as a Vampire Gladiator on Nov 1, 2020.
             Slain by Sigmund
             ... wielding a +0 scythe
              (7 damage)
             ... on level 2 of the Dungeon.
             The game lasted 00:13:09 (1053 turns).

Kaliet the Ducker (Vampire Gladiator)               Turns: 1053, Time: 00:13:10

Health: -4/27      AC:  6    Str: 14    XL:     3   Next: 55%
Magic:  3/3        EV: 12    Int: 10    God:
Gold:   82         SH:  0    Dex: 15    Spells: 2/2 levels left

rFire    . . .     SeeInvis +   a - +0 long sword
rCold    . . .     Gourm    .   (no shield)
rNeg     . . .     Faith    .   j - +0 ring mail
rPois    .         Spirit   .   c - +0 helmet
rElec    .         Reflect  .   (no cloak)
rCorr    .         Harm     .   (no gloves)
MR       .....                  (no boots)
Stlth    +.........             (no amulet)
HPRegen  0.29/turn              (no ring)
MPRegen  0.08/turn              (no ring)

@: regenerating quickly
A: no food, fangs 3, see invisible, unbreathing
a: Exsanguinate


You were on level 2 of the Dungeon.
You were alive.

You visited 1 branch of the dungeon, and saw 2 of its levels.

You collected 82 gold pieces.

Inventory:

Hand Weapons
 a - a +0 long sword (weapon)
Missiles
 d - 3 throwing nets (quivered)
Armour
 c - a +0 helmet (worn)
 j - a +0 ring mail (worn)
Scrolls
 e - 3 scrolls of identify {unknown}
 h - a scroll of magic mapping {unknown}
 i - a scroll of fear {unknown}
Potions
 g - a potion of lignification {unknown}
Comestibles
 f - 2 rations


   Skills:
 + Level 2.1 Fighting
 * Level 3.7 Long Blades
 - Level 1.5 Throwing
 + Level 0.5 Armour
 + Level 3.8 Dodging
 + Level 1.4 Stealth


You had 2 spell levels left.
You didn't know any spells.
Your spell library was empty.

Dungeon Overview and Level Annotations

Branches:
Dungeon (2/15)

Altars:

Annotations:
D:2 Sigmund


Innate Abilities, Weirdness & Mutations

You do not eat.
Your natural rate of healing is unusually fast.
You have razor-sharp teeth.
You have supernaturally acute eyesight. (SInv)
You can survive without breathing.


Message History

You barely miss Sigmund. You bite Sigmund, but do no damage.
Sigmund is moderately wounded.
Sigmund hits you but does no damage.
You hit Sigmund.
Sigmund is heavily wounded.
Sigmund closely misses you.
You riposte.
You closely miss Sigmund.
Sigmund is heavily wounded.
You hit Sigmund.
Sigmund is heavily wounded.
Sigmund points at you and mumbles some strange words.
You are confused.
Sigmund barely misses you. Sigmund casts a spell at you.
The magic dart hits you.
You bump into the rock wall.
Sigmund hits you with a +0 scythe!
* * * LOW HITPOINT WARNING * * *
You bump into the rock wall.
You feel less confused. Sigmund hits you with a +0 scythe!
You die...

..†...#........#.##'###.#
..###.#........#.##.....#
. #..........#.########
##.........#.#
#.........#.#####
#.........#<....#
#.....^...#.....#
#.#####'###.....# #.##
##'###@....# #@.#
#....@.....# ##.#
#.....)....#
#g###........).#
#..##..........#
##.##..(......##
##'##.........#
#....#'######## #....'..#


You could see Sigmund (invisible).

Vanquished Creatures
  2 adders (D:2)
  An ooze (D:2)
  2 dart slugs (D:1)
  A ball python (D:2)
  A giant cockroach (D:1)
  3 goblins
  4 hobgoblins
  2 kobolds (D:2)
  A quokka (D:2)
  A bat (D:1)
  A frilled lizard (D:1)
  4 rats
23 creatures vanquished.

Notes
Turn   | Place    | Note
-------+----------+-------------------------------------------
     0 | D:1      | Kaliet the Vampire Gladiator began the quest for the Orb.
     0 | D:1      | Reached XP level 1. HP: 16/16 MP: 1/1
   323 | D:1      | Reached XP level 2. HP: 21/22 MP: 2/2
   736 | D:2      | Reached skill level 1 in Stealth
   772 | D:2      | Reached XP level 3. HP: 24/27 MP: 3/3
   949 | D:2      | Noticed Sigmund
  1053 | D:2      | Slain by Sigmund

Illustrated notes

Levels and vault maps discovered:
D:1:      nicolae_arrival_washed_ashore, layout_basic
D:2:      layout_basic, minmay_rat_hole, uniq_sigmund

Skill      XL: |  1  2 |
---------------+-------+-----
Stealth        | 1 |  1.4
Fighting       | 2 |  2.1
Long Blades    | |  3.7
Throwing       | |  1.5
Armour         | |  0.5
Dodging        | |  3.8

Action                   || total
-------------------------++-------
Melee: Long sword        ||    80
       Bite              ||    13
 Stab: Sleeping          ||     2
Armor: Leather armour    ||     6
       Ring mail         ||    16
Dodge: Dodged            ||    49
       Rpst.: Long sword ||    20
